 Dungeon Crawl Stone Soup version 0.15-a0-1485-g692b94f (console) character file.

499 Sabretooth the Gouger (level 6, -10/28 HPs)
             Began as a Felid Fighter on June 14, 2014.
             Shot with an arrow by a centaur (16 damage)
             ... on Level 5 of the Dungeon.
             The game lasted 00:08:36 (1509 turns).

Sabretooth the Gouger (Felid Fighter)               Turns: 1509, Time: 00:08:36

HP -10/28        AC  2     Str 14      XL: 6   Next: 94%
MP  10/10        EV 19     Int  9      God:
Gold 86          SH  0     Dex 16      Spells:  0 memorised,  5 levels left
Lives: 0, deaths: 2

rFire  . . .     SeeInvis +       - Unarmed
rCold  . . .     Clarity  .     (armour unavailable)
rNeg   . . .     rCorr    .     (shield unavailable)
rPois  .         rRot     .     (helmet unavailable)
rElec  .         Spirit   .     (cloak unavailable)
SustAb .         Warding  .     (gloves unavailable)
rMut   .         Stasis   .     (boots unavailable)
Gourm  .                        (no amulet)
MR     .....                    (no ring)
                                (no ring)

@: quick, not resistant to hostile enchantments, unstealthy
A: paw claws, no armour, no weapons or thrown items, fangs 3, see invisible,
carnivore 3, speed 1, shaggy fur 2, slow metabolism 1, jump 2
a: Jump Attack


You were on level 5 of the Dungeon.
You were not hungry.

You visited 1 branch of the dungeon, and saw 5 of its levels.

You collected 86 gold pieces.

Inventory:

Magical devices
 c - a wand of fire (0)
 e - a wand of confusion (11)
 k - a wand of frost (1)
Comestibles
 d - 5 meat rations
 i - a royal jelly
Scrolls
 a - 4 scrolls of identify {unknown}
 b - a scroll of remove curse {unknown}
 f - a scroll of fog {unknown}
 j - a scroll of enchant weapon I {unknown}
 p - a scroll of amnesia {unknown}
 q - a scroll of recharging {unknown}
Potions
 g - 2 potions of curing
 h - 2 potions of heal wounds {unknown}
 l - a potion of invisibility {unknown}
 m - a potion of flight {unknown}
 n - a potion of paralysis {unknown}
 o - a potion of lignification {unknown}


   Skills:
 - Level 3.0 Fighting
 - Level 4.0 Dodging
 + Level 10.5 Unarmed Combat


You had 5 spell levels left.
You didn't know any spells.

Dungeon Overview and Level Annotations

Branches:
Dungeon (5/15)
 Temple: D:4-7

Altars:
Ashenzari
Nemelex Xobeh
Vehumet

Annotations:
D:4 Natasha


Innate Abilities, Weirdness & Mutations

You cannot wear armour.
You are incapable of wielding weapons or throwing items.
Your paws have sharp claws.
You have razor-sharp teeth.
You have supernaturally acute eyesight.
You are carnivorous and can eat meat at any time.
You cover ground quickly.
You are covered in thick fur (AC +2).
You have a slow metabolism.
You can jump attack at a medium distance.


Message History

You scratch the gnoll but do no damage.
The gnoll is almost dead.
The gnoll closely misses you. The gnoll misses you.
You scratch the gnoll.
You kill the gnoll!
The gnoll misses you. The gnoll closely misses you.
The centaur unwields a +0,+0 long sword.
The centaur wields a shortbow.
The centaur shoots an arrow.
The arrow closely misses you.
You see here an arrow.
The centaur shoots an arrow.
The arrow hits you!
The centaur shoots an arrow.
The arrow hits you!
Ouch! That really hurt!
* * * LOW HITPOINT WARNING * * *
You see here an arrow.
The gnoll misses you.
You hear the rusting of a distant drain.
The centaur shoots an arrow.
The arrow hits you!
Ouch! That really hurt!
You die...

.# ................... ########.#
..........%.......... .........#
..........$...........
.........#............c(.........
.........#.......................
####....>#.......................
#.....#.........g.(...........
#.....#####.....g.............
#............@................
#.......######................
#.......# #######...#######
#.......# #...# #.......# #....
####.......# #.###
...........############>#..
########................#.#
#................#.#


You could see a centaur and 2 gnolls.

Vanquished Creatures
  Pikel (D:5)
  Grinder (D:4)
  Edmund (D:4)
  A sky beast (D:4)
  A phantom (D:5)
  A crimson imp (D:5)
  A hound (D:5)
  A giant frog skeleton (D:4)
  2 worker ants (D:4)
  Jessica (D:3)
  A gnoll (D:5)
  2 adders (D:3)
  A giant mite (D:4)
  2 worms (D:3)
  A giant gecko (D:3)
  2 orcs (D:3)
  A bat skeleton (D:5)
  A giant cockroach (D:4)
  A hobgoblin (D:1)
  3 kobolds
  A quokka (D:4)
  4 bats
  A giant cockroach zombie (D:5)
  6 goblins
  An orc zombie (D:5)
  3 rats
42 creatures vanquished.

Vanquished Creatures (others)
  A hobgoblin (D:5)
  A quokka (D:5)
2 creatures vanquished.

Grand Total: 44 creatures vanquished

Notes
Turn   | Place    | Note
--------------------------------------------------------------
     0 | D:1      | Sabretooth, the Felid Fighter, began the quest for the Orb.
     0 | D:1      | Reached XP level 1. HP: 10/10 MP: 2/2
    58 | D:3      | Found a sparkling altar of Nemelex Xobeh.
   129 | D:3      | Reached XP level 2. HP: 11/14 MP: 3/3
   290 | D:4      | Noticed Edmund
   301 | D:4      | Killed Edmund
   301 | D:4      | Reached skill level 6 in Unarmed Combat
   301 | D:4      | Reached XP level 3. HP: 12/17 MP: 5/5
   301 | D:4      | Reached XP level 4. HP: 14/21 MP: 7/7
   318 | D:3      | Reached XP level 5. HP: 17/24 MP: 8/8
   370 | D:3      | Noticed Jessica
   382 | D:3      | Killed Jessica
   421 | D:3      | Found a shattered altar of Ashenzari.
   519 | D:4      | Noticed Grinder
   550 | D:4      | Killed Grinder
   550 | D:4      | Reached skill level 8 in Unarmed Combat
   550 | D:4      | Gained mutation: You are covered in thick fur (AC +2). [growing up]
   550 | D:4      | Gained mutation: You can jump attack at a medium distance. [growing up]
   550 | D:4      | Reached XP level 6. HP: 16/28 MP: 10/10
   635 | D:4      | Found a radiant altar of Vehumet.
   735 | D:4      | Noticed Natasha
  1047 | D:4      | Killed from afar by Natasha
  1048 | D:4      | Reached XP level 5. HP: -3/24 MP: 8/8
  1099 | D:4      | Reached XP level 6. HP: 28/28 MP: 10/10
  1139 | D:5      | Entered Level 5 of the Dungeon
  1184 | D:5      | Noticed Pikel
  1229 | D:5      | Killed Pikel
  1229 | D:5      | Reached skill level 10 in Unarmed Combat
  1229 | D:5      | Reached XP level 7. HP: 14/31 MP: 12/12
  1488 | D:5      | Slain by a centaur
  1489 | D:5      | Reached XP level 6. HP: -3/28 MP: 10/10
  1509 | D:5      | Shot with an arrow by a centaur

Action                   |  1- 3 |  4- 6 |  7- 9 || total
-------------------------+-------+-------+-------++-------
Melee: Unarmed           |    26 |    86 |    29 ||   141
Evoke: Wand              |       |    14 |     2 ||    16
  Use: Potion            |     4 |     2 |       ||     6
 Stab: Sleeping          |       |     1 |       ||     1
       Confused          |       |     1 |       ||     1
